 Dungeon Crawl Stone Soup version 0.27.1-33-g824d729ab1 (webtiles) character file.

Game seed: 18296927945915639809

88 caelumdeity the Changer (level 4, -3/35 HPs)
             Began as a Draconian Transmuter on Dec 17, 2021.
             Slain by Ijyb (9 damage)
             ... on level 3 of the Dungeon.
             The game lasted 00:11:37 (3332 turns).

caelumdeity the Changer (Draconian Transmuter)      Turns: 3332, Time: 00:11:38

Health: -3/35      AC:  5    Str: 14    XL:     4   Next: 30%
Magic:  7/7        EV: 12    Int: 13    God:
Gold:   101        SH:  0    Dex: 11    Spells: 6/7 levels left

rFire    + . .     SeeInvis .     - Unarmed
rCold    . . .     Faith    .   (no shield)
rNeg     . . .     Spirit   .   (armour unavailable)
rPois    .         Reflect  .   (helmet currently unavailable)
rElec    .         Harm     .   (no cloak)
rCorr    .         Rampage  .   (no gloves)
Will     .....                  (boots currently unavailable)
Stlth    +.........             (no amulet)
HPRegen  0.11/turn              k - ring of protection from fire
MPRegen  0.10/turn              (no ring)

@: appendages (expiring)
A: horns 2, talons 2, AC +5, unfitting armour, cold-blooded
a: End Transformation


You were on level 3 of the Dungeon.
You had temporarily grown beastly horns and talons.
You visited 1 branch of the dungeon, and saw 3 of its levels.

You collected 101 gold pieces.

Inventory:

Missiles
 a - a throwing net
 c - 89 stones (quivered)
Magical Staves
 b - a staff of fire
Jewellery
 k - a ring of protection from fire (left hand)
Scrolls
 g - 2 scrolls of magic mapping {unknown}
 h - a scroll of immolation {unknown}
 m - a scroll of teleportation {unknown}
Potions
 d - a potion of flight {unknown}
 e - 2 potions of lignification {unknown}
 f - 2 potions of curing {unknown}
 i - a potion of ambrosia {unknown}
 j - a potion of invisibility {unknown}
 l - a potion of might {unknown}


   Skills:
 - Level 1.1 Fighting
 - Level 1.7 Dodging
 + Level 3.8 Unarmed Combat
 - Level 2.0 Spellcasting
 * Level 3.9 Transmutations


You had 6 spell levels left.
You knew the following spells:

 Your Spells              Type           Power      Damage    Failure   Level
a - Beastly Appendage     Tmut           22%        N/A       4%          1

Your spell library contained the following spells:

 Spells                   Type           Power      Damage    Failure   Level
 Wereblood                Tmut           11%        N/A       8%          2
 Spider Form              Tmut/Pois      3%         N/A       34%         3
 Ice Form                 Ice/Tmut       6%         N/A       75%         4


Dungeon Overview and Level Annotations

Branches:
Dungeon (3/15)

Altars:

Annotations:
D:3 Ijyb


Innate Abilities, Weirdness & Mutations

You have temporarily grown beastly horns and talons.
Your plain brown scales are hard. (AC +5)
You cannot fit into any form of body armour.
You are cold-blooded and may be slowed by cold attacks.


Message History

Okay, then.
Casting: Beastly Appendage (safe; 4% risk of failure)
Confirm with . or Enter, or press ? or * to list all spells.
You grow a pair of large bovine horns.
Your feet morph into talons.
You hit Ijyb but do no damage. Your kick misses Ijyb.
Ijyb hits you with a +7 club.
You hit Ijyb. Your kick misses Ijyb.
Ijyb is lightly wounded.
Ijyb hits you with a +7 club.
You hit Ijyb but do no damage. Your kick misses Ijyb.
Ijyb is lightly wounded.
Ijyb barely misses you.
You barely miss Ijyb. You claw Ijyb. You headbutt Ijyb!
You tail-slap Ijyb, but do no damage.
Ijyb is severely wounded.
Ijyb hits you with a +7 club!
You hit Ijyb but do no damage.
Your tail-slap misses Ijyb.
Ijyb is severely wounded.
Ijyb completely misses you.
You hit Ijyb but do no damage. You headbutt Ijyb!
Your tail-slap misses Ijyb.
Ijyb is almost dead.
Ijyb misses you.
You hit Ijyb but do no damage.
Ijyb is almost dead.
Ijyb hits you with a +7 club!
* * * LOW HITPOINT WARNING * * *
Unknown command.
You hit Ijyb but do no damage. Your kick misses Ijyb.
Ijyb is almost dead.
Ijyb hits you with a +7 club.
* * * LOW HITPOINT WARNING * * *
You barely miss Ijyb. You headbutt Ijyb.
Your tail-slap misses Ijyb.
Ijyb is almost dead.
Ijyb completely misses you.
You barely miss Ijyb. Your kick misses Ijyb.
You tail-slap Ijyb, but do no damage.
Ijyb is almost dead.
Your transformation is almost over.
Ijyb hits you with a +7 club!
You die...

...# ##.....##
#..#..†### #.#
#.## ##...##
#.......# #.#
#. #+##
#...###.####.#
#.
##..#⌠#......#
#.
#..###.######
#......# <
#.######
....#####.#
(((...g@..#
#.#########


You could see Ijyb.

Vanquished Creatures
  4 adders
  A dart slug (D:2)
  2 orcs
  An endoplasm (D:1)
  2 giant cockroaches (D:2)
  6 goblins
  3 hobgoblins
  4 jackals (D:2)
  2 quokkas
  4 ball pythons
  5 bats
  4 frilled lizards
  5 kobolds
  4 rats
47 creatures vanquished.

Notes
Turn   | Place    | Note
-------+----------+-------------------------------------------
     0 | D:1      | caelumdeity the Draconian Transmuter began the quest for
                  | the Orb.
     0 | D:1      | Reached XP level 1. HP: 16/16 MP: 3/3
   529 | D:1      | Reached XP level 2. HP: 23/23 MP: 5/5
  1438 | D:2      | Reached XP level 3. HP: 22/28 MP: 6/6
  2330 | D:2      | Reached XP level 4. HP: 24/35 MP: 7/7
  3317 | D:3      | Noticed Ijyb
  3332 | D:3      | Slain by Ijyb

Illustrated notes

Levels and vault maps discovered:
D:1:      matt_arrival_spirals, layout_loops_cross, minivault_5
D:2:      layout_rooms, small_statue_intersection, hex_tiny, patterned_corridor
D:3:      layout_loops_corners, ebering_ecumenical_altar_box,
          minmay_misc_feat_nine_boxes, minmay_misc_feat_iff, feat_on_display,
          uniq_ijyb

Skill      XL: |  1  2 |
---------------+-------+-----
Transmutations | 3 |  3.9
Fighting       | |  1.1
Dodging        | |  1.7
Unarmed Combat | |  3.8
Spellcasting   | |  2.0

Action                   |  1- 3 |  4- 6 || total
-------------------------+-------+-------++-------
Melee: Unarmed           |   137 |    83 ||   220
       Tailslap          |     9 |     8 ||    17
       Kick              |     3 |     4 ||     7
       Headbutt          |     2 |     3 ||     5
       Punch             |     1 |       ||     1
Throw: Stone             |    24 |    13 ||    37
 Cast: Beastly Appendage |     4 |     2 ||     6
 Stab: Sleeping          |     2 |     1 ||     3
Armor: Skin              |    39 |    26 ||    65
Dodge: Dodged            |    83 |    35 ||   118
